 Dungeon Crawl Stone Soup version 0.30-a0-883-g5ad918d77d (webtiles) character file.

Game seed: 10207987206247848695

340 Jeffwins the Twirler (level 6, -4/44 HPs)
             Began as a Human Wanderer on Mar 16, 2023.
             Splashed by a jelly's acid (5 damage)
             ... on level 4 of the Dungeon.
             The game lasted 00:03:07 (3014 turns).

Jeffwins the Twirler (Human Wanderer)               Turns: 3014, Time: 00:03:08

Health: -4/44      AC:  9    Str: 14 (16) XL:     6   Next: 86%
Magic:  6/6        EV:  5    Int: 13 (14) God:
Gold:   258        SH:  0    Dex:  7 (9)  Spells: 5/5 levels left

rFire   . . .      SeeInvis .    a - +2 quarterstaff
rCold   . . .      Faith    .    (shield currently unavailable)
rNeg    . . .      Spirit   .    i - +0 chain mail
rPois   .          Reflect  .    h - +0 helmet
rElec   .          Rampage  .    (no cloak)
rCorr   .                        (no gloves)
Will    .....                    (no boots) Stlth
                                 (no amulet)
HPRegen 0.27/turn                (no ring)
MPRegen 0.10/turn                (no ring)

@: invisible
A: no striking features
a: no special abilities


You were on level 4 of the Dungeon.
You visited 1 branch of the dungeon, and saw 4 of its levels.

You collected 258 gold pieces.


   Skills:
 - Level 2.0 Fighting
 + Level 3.7(5.5) Maces & Flails
 + Level 6.2(6.7) Staves
 - Level 1.0 Throwing
 + Level 3.8 Stealth
 - Level 1.0 Invocations


You had 5 spell levels left.
You didn't know any spells.
Your spell library contained the following spells:

 Spells                   Type           Power      Damage    Failure   Level
 Shock                    Conj/Air       0%         1d3       100%        1
 Swiftness                Air            0%         N/A       100%        3
 Airstrike                Air            0%         2d(0-16)  100%        4

Inventory:

Hand Weapons
 a - a +2 quarterstaff (weapon)
 b - a +0 mace
 d - a +0 dagger
Missiles
 c - 18 poisoned darts (quivered)
Armour
 f - a +0 leather armour
 h - a +0 helmet (worn)
 i - a +0 chain mail (worn)
 u - a +0 pair of boots
Jewellery
 o - an amulet of the acrobat
Wands
 t - a wand of flame (24)
Scrolls
 e - 4 scrolls of teleportation {@r4}
 k - a scroll of immolation {unknown}
 l - 5 scrolls of identify {unknown}
 n - a scroll of poison {unknown}
Potions
 g - a potion of brilliance {unknown}
 j - 2 potions of curing {unknown}
 p - a potion of haste {unknown}
 q - a potion of attraction {unknown}
 r - a potion of berserk rage {unknown}
 s - a potion of invisibility

Dungeon Overview and Level Annotations

Branches:
Dungeon (4/15)
 Temple: D:4-7

Altars:
Gozag
Qazlal
Ru
Sif Muna
Wu Jian

.. ........ #O. ## .
#...... #..##. .# ##
#...... #..... #. ## .
#..###. #..... #...
.#...# #. .#.....###.##
###.##.# #. .....o.o..#.#
.#...#.###.
..K..o.J###.##..#.##.....
.......#@.#...####...##..
....##.##..###[.))#..###.
##. #. ##.#.#.####..# #.
#. .#...#......# #. ##
..##.####..... ## ...
##.. ..####. # ....
....... ... #.... #..####
## #.<.. #.####


You could see an ogre (unable to see you), a jelly, 3 orcs and a kobold (unable
to see you).


Message History

Unknown command.
You miss something. Something hits you but does no damage.
Unknown command.
You miss something.
The orc throws a stone.
The stone hits the orc.
A sky beast appears from thin air!
Reactivating autopickup.
The sky beast hits you.
* * * LOW HITPOINT WARNING * * *
The sky beast shocks you.
* * * LOW HITPOINT WARNING * * *
You catch the helpless sky beast completely off-guard!
You hit the sky beast.
You kill the sky beast!
Unknown command.
It was a potion of degeneration.
There was something very wrong with that liquid.
You feel weakened.
You feel dopey.
You feel clumsy. The jelly hits you but does no damage.
The orc throws a stone.
The stone hits the jelly.
A kobold comes into view.
It is wielding a +0 club and quivering poisoned darts.
The orc drinks a potion.
The orc seems to grow stronger.
You hit the jelly but do no damage.
Your hands burn!
* * * LOW HITPOINT WARNING * * *
The jelly is lightly wounded.
The kobold shouts!
You hear a shout!
The jelly hits you but does no damage.
An ogre comes into view. It is wielding a +0 giant club.
Unknown command.
You sock the jelly!
Your hands burn!
You die...

Skill      XL: |  1  2  3  4  5  6 |
---------------+-------------------+-----
Stealth        | 1 2 3 |  3.8
Maces & Flails | 2 3 |  3.7
Staves         | 6 |  6.2
Fighting       | |  2.0
Throwing       | |  1.0
Invocations    | |  1.0

Action                     |  1- 3 |  4- 6 || total
---------------------------+-------+-------++-------
  Melee: Quarterstaff      |    77 |   141 ||   218
    Use: Potion            |       |     2 ||     2
   Stab: Invisible         |       |     1 ||     1
 Armour: Leather armour    |     4 |       ||     4
         Chain mail        |    32 |   103 ||   135
  Dodge: Dodged            |    30 |    32 ||    62

Levels and vault maps discovered:
D:1:      scummos_arrival_forest, layout_loops_corners
D:2:      layout_basic, basic_altar
D:3:      layout_rooms, mainiacjoe_overflow_cross_hatched, lemuel_round_altar,
          chequers_temple_overflow_statue_of_worship, corexii_shack
D:4:      layout_basic, minmay_pentomino_pile

Notes
Turn   | Place    | Note
-------+----------+-------------------------------------------
     0 | D:1      | Jeffwins the Human Wanderer began the quest for the Orb.
     0 | D:1      | Jeffwins set off with the following items: a +2
                  | quarterstaff, a +0 mace, 12 poisoned darts, a +0 dagger, a
                  | scroll of teleportation {@r4}, a +0 leather armour.
     0 | D:1      | Reached XP level 1. HP: 16/16 MP: 1/1
   171 | D:1      | Reached XP level 2. HP: 22/22 MP: 2/2
   205 | D:1      | Reached skill level 1 in Stealth
   517 | D:1      | Reached XP level 3. HP: 25/27 MP: 3/3
   983 | D:2      | Found a sacrificial altar of Ru.
  1036 | D:2      | Reached skill level 2 in Maces & Flails
  1186 | D:2      | Reached XP level 4. HP: 33/33 MP: 4/4
  1211 | D:2      | Reached skill level 2 in Stealth
  1929 | D:3      | Found a stormy altar of Qazlal.
  2033 | D:3      | Found a shimmering blue altar of Sif Muna.
  2033 | D:3      | Found an opulent altar of Gozag.
  2043 | D:3      | Found an ornate altar of the Wu Jian Council.
  2083 | D:3      | Reached XP level 5. HP: 38/38 MP: 5/5
  2602 | D:4      | Noticed a black bear
  2613 | D:4      | Killed a black bear
  2614 | D:4      | Reached skill level 3 in Maces & Flails
  2614 | D:4      | Reached skill level 3 in Stealth
  2614 | D:4      | Reached XP level 6. HP: 23/44 MP: 6/6
  2866 | D:4      | Reached skill level 6 in Staves
  2984 | D:4      | Noticed a sky beast
  3010 | D:4      | HP: 4/44 [sky beast (5)]
  3011 | D:4      | Killed a sky beast
  3013 | D:4      | HP: 1/44 [acid (3)]
  3013 | D:4      | Noticed an ogre
  3014 | D:4      | Splashed by a jelly's acid

Vanquished Creatures
  A sky beast (D:4)
  A black bear (D:4)
  A jelly (D:4)
  5 adders
  3 worms (D:2)
  5 dart slugs
  4 orcs
  2 bats (D:2)
  7 endoplasms
  3 giant cockroaches
  3 goblins
  4 hobgoblins
  5 jackals (D:1)
  6 quokkas
  2 ball pythons (D:2)
  4 frilled lizards
  4 kobolds
  4 rats
64 creatures vanquished.

Vanquished Creatures (others)
  4 plants (D:3)
4 creatures vanquished.

Grand Total: 68 creatures vanquished

Table legend: (Time is in decaauts)
 A = Elapsed time spent in this place.
 B = Non-inter-level travel time spent in this place.
 C = Inter-level travel time spent in this place.
 D = Time resting spent in this place.
 E = Time spent auto-exploring this place.
 F = Levels seen in this place.
 G = Mean time per level.
                   A        B        C        D        E       F      G
               +--------+--------+--------+--------+--------+-----+--------+
         Total |   3015 |   2961 |     54 |      0 |   2451 |   4 |  753.8 |
       Dungeon |   3015 |   2961 |     54 |      0 |   2451 |   4 |  753.8 |
               +--------+--------+--------+--------+--------+-----+--------+

Top non-repeatable levels by time:
     D:2: 914 daAuts
     D:1: 880 daAuts
     D:4: 643 daAuts
     D:3: 576 daAuts

Table legend:
 A = Non-vault XP
 B = Vault XP
 C = Vault XP percentage of total XP
 D = Non-vault monster count
 E = Vault monster count
 F = Vault count percentage of total count
                 A         B        C        D         E       F
            +---------+---------+-------+---------+---------+-------
      Total |     480 |       6 |   1.2 |      62 |       2 |   3.1
            +---------+---------+-------+---------+---------+-------
        D:1 |      46 |       0 |   0.0 |      22 |       0 |   0.0
        D:2 |      51 |       0 |   0.0 |      15 |       0 |   0.0
        D:3 |      42 |       3 |   6.7 |      12 |       1 |   7.7
        D:4 |     341 |       3 |   0.9 |      13 |       1 |   7.1
            +---------+---------+-------+---------+---------+-------
